 Dungeon Crawl Stone Soup version 0.18.1-48-g4cf74bf (webtiles) character file.

1575 torvon the Destroyer (level 8, -7/68 HPs)
             Began as a Mottled Draconian Conjurer on Aug 13, 2016.
             Mangled by an ice beast (12 damage)
             ... on level 5 of the Dungeon.
             The game lasted 00:33:27 (7407 turns).

torvon the Destroyer (Mottled Draconian Conjurer)   Turns: 7407, Time: 00:33:28

Health: -7/68      AC:  7    Str: 10    XL:     8   Next: 60%
Magic:  6/15       EV: 13    Int: 18    God:
Gold:   241        SH:  0    Dex: 12    Spells: 3 memorised, 9 levels left

rFire  . . .     SeeInvis .     n - +0 dire flail
rCold  . . .     Gourm    .     (armour unavailable)
rNeg   . . .     Faith    .     (shield currently unavailable)
rPois  .         Spirit   .     (helmet restricted)
rElec  .         Dismiss  .     (no cloak)
rCorr  .         Reflect  .     y - +0 pair of gloves
SustAt .         Harm     .     (no boots)
MR     .....                    (no amulet)
Stlth  ++........               (no ring)
                                (no ring)

@: slowed, very slow, not resistant to hostile enchantments, unstealthy
A: breathe sticky flame splash, unfitting armour, cold-blooded, AC +6
a: Breathe Sticky Flame


You were on level 5 of the Dungeon.
You were hungry.

You visited 1 branch of the dungeon, and saw 5 of its levels.

You collected 241 gold pieces.

Inventory:

Hand Weapons
 l - a +0 mace
 n - a +0 dire flail (weapon)
 s - a +2 whip of freezing
Missiles
 h - an exploding tomahawk
 i - 12 tomahawks (quivered)
Armour
 y - a +0 pair of gloves (worn)
Wands
 p - a wand of lightning (4/15)
Scrolls
 b - a scroll of acquirement {unknown}
 e - a scroll of amnesia {unknown}
 f - a scroll of identify {unknown}
 j - 8 scrolls of remove curse
 m - a scroll of fog {unknown}
 u - 2 scrolls of random uselessness {unknown}
Potions
 c - 2 potions of lignification {unknown}
 d - 2 potions of brilliance {unknown}
 g - a potion of degeneration {unknown}
 k - 2 potions of haste {unknown}
 o - a potion of flight {unknown}
 q - 2 potions of curing {unknown}
 t - a potion of cure mutation {unknown}
 v - a potion of heal wounds {unknown}
Books
 a - a book of Conjurations

   Spells                             Type                      Level
   a - Magic Dart                     Conjuration                  1
   b - Searing Ray                    Conjuration                  2
   c - Dazzling Spray                 Conjuration/Hexes            3
   d - Fulminant Prism                Conjuration/Hexes            4
   e - Iskenderun's Mystic Blast      Conjuration                  4
   f - Iskenderun's Battlesphere      Conjuration/Charms           5
 r - a book of Air

   Spells                             Type                      Level
   a - Shock                          Conjuration/Air              1
   b - Swiftness                      Charms/Air                   2
   c - Repel Missiles                 Charms/Air                   2
   d - Static Discharge               Conjuration/Air              3
   e - Lightning Bolt                 Conjuration/Air              5
Comestibles
 z - a fruit


   Skills:
 + Level 5.1 Fighting
 + Level 3.1 Dodging
 - Level 1.7 Stealth
 + Level 4.8 Spellcasting
 * Level 8.3 Conjurations
 + Level 2.6 Air Magic


You had 9 spell levels left.
You knew the following spells:

 Your Spells              Type           Power        Failure   Level  Hunger
a - Magic Dart            Conj           ####         1%          1    None
b - Iskenderun's Mystic   Conj           ####....     4%          4    ####...
c - Swiftness             Chrm/Air       #.......     12%         2    #......


Dungeon Overview and Level Annotations

Branches:
Dungeon (5/15)
 Temple: D:4-7

Altars:
Cheibriados
Elyvilon
Gozag
Yredelemnul


Innate Abilities, Weirdness & Mutations

You can spit globs of burning liquid.
You can ignite nearby creatures when you spit burning liquid.
Your weird mottled scales are hard (AC +6).
Your body does not fit into most forms of armour.
You are cold-blooded and may be slowed by cold attacks.


Message History

Aim: an ice beast (almost dead)
The magic dart hits the ice beast.
The ice beast is almost dead.
You feel yourself speed up. The ice beast hits you.
* * * LOW HITPOINT WARNING * * *
The ice beast freezes you.
* * * LOW HITPOINT WARNING * * *
The ice beast misses you.
Casting: Magic Dart
Confirm with . or Enter, or press ? or * to list all spells.
Aiming: Magic Dart
Press: ? - help, Shift-Dir - straight line, f/p - ice beast
Aim: an ice beast (almost dead)
The magic dart hits the ice beast.
The ice beast is almost dead.
The ice beast hits you.
* * * LOW HITPOINT WARNING * * *
The ice beast freezes you!
You feel yourself slow down.
You die...

########## #........#
## #.######.####.## %
#.# #...#.#.#.... #.#
###..@Y....(.
##.##########...#....
####.......... ...##
( .....)[<..### #####
####..###.#
.###.)###.#####
#..............
.######.#.####. #
#.#.#


You could see an ice beast.

Vanquished Creatures
  Pikel (D:5)
  Grinder (D:4)
  Edmund (D:4)
  2 ice beasts (D:5)
  4 slaves
  A phantom (D:5)
  A giant frog skeleton (D:4)
  2 hounds
  5 orc wizards
  2 worker ants
  9 adders
  3 gnolls (D:4)
  2 oozes
  4 worms
  A dart slug (D:2)
  6 giant geckos
  30 orcs
  3 ball pythons
  7 bats
  3 giant cockroaches
  8 goblins
  6 hobgoblins
  A quokka (D:3)
  2 giant gecko skeletons (D:4)
  6 giant newts
  7 kobolds
  5 rats
123 creatures vanquished.

Notes
Turn   | Place    | Note
--------------------------------------------------------------
     0 | D:1      | torvon the Draconian Conjurer began the quest for the Orb.
     0 | D:1      | Reached XP level 1. HP: 14/14 MP: 3/3
   287 | D:1      | Reached XP level 2. HP: 22/22 MP: 1/5
   834 | D:2      | Reached XP level 3. HP: 27/27 MP: 0/6
  1213 | D:2      | Reached skill level 1 in Fighting
  1410 | D:2      | Reached skill level 5 in Conjurations
  1538 | D:2      | Reached XP level 4. HP: 35/35 MP: 3/7
  1547 | D:2      | Learned a level 4 spell: Iskenderun's Mystic Blast
  2790 | D:3      | Reached XP level 5. HP: 41/41 MP: 0/9
  3614 | D:3      | Found a basalt altar of Yredelemnul.
  3632 | D:3      | Found an opulent altar of Gozag.
  3677 | D:3      | Found a white marble altar of Elyvilon.
  3727 | D:3      | Found a snail-covered altar of Cheibriados.
  3874 | D:4      | Reached skill level 6 in Conjurations
  4287 | D:4      | Reached XP level 6. HP: 50/50 MP: 4/10
  4419 | D:4      | Noticed Edmund
  4450 | D:4      | Killed Edmund
  5049 | D:4      | Noticed Grinder
  5050 | D:4      | Paralysed by Grinder for 2 turns
  5065 | D:4      | Paralysed by Grinder for 4 turns
  5069 | D:4      | Killed Grinder
  5069 | D:4      | Reached skill level 7 in Conjurations
  5069 | D:4      | Your scales start taking on a weird mottled colour.
  5069 | D:4      | Reached XP level 7. HP: 16/58 MP: 0/13
  5357 | D:4      | Got a twisted chain mail
  5369 | D:4      | Learned a level 2 spell: Swiftness
  5750 | D:5      | Entered Level 5 of the Dungeon
  6367 | D:5      | Reached skill level 1 in Air Magic
  6797 | D:5      | Noticed Pikel
  6806 | D:5      | Killed Pikel
  6806 | D:5      | Reached skill level 8 in Conjurations
  6806 | D:5      | Reached XP level 8. HP: 48/67 MP: 0/15
  6928 | D:5      | Reached skill level 5 in Fighting
  7407 | D:5      | Mangled by an ice beast

Skill      XL: |  1  2  3  4  5  6  7  8 |
---------------+-------------------------+-----
Fighting       | 1 2 3 4 5 |  5.1
Conjurations   | 5 6 7 8 |  8.3
Spellcasting   | 3 4 |  4.8
Dodging        | 3 |  3.1
Air Magic      | 2 |  2.6
Stealth        | |  1.7

Action                   |  1- 3 |  4- 6 |  7- 9 || total
-------------------------+-------+-------+-------++-------
Melee: Unarmed           |     4 |       |       ||     4
       Club              |    30 |    50 |       ||    80
       Tailslap          |     2 |     7 |     5 ||    14
       Mace              |       |    21 |       ||    21
       Dire flail        |       |     3 |    65 ||    68
Throw: Tomahawk          |       |       |     1 ||     1
 Cast: Magic Dart        |    57 |   123 |    83 ||   263
       Iskenderun's Myst |       |    19 |    18 ||    37
 Abil: Breathe Sticky Fl |       |       |     2 ||     2
  Use: Scroll            |       |     2 |       ||     2
 Stab: Sleeping          |       |       |     1 ||     1
  Eat: Chunk             |     3 |     6 |     1 ||    10
       Bread ration      |       |     2 |     1 ||     3
       Fruit             |       |       |     2 ||     2
       Royal jelly       |       |       |     1 ||     1
       Beef jerky        |       |       |     1 ||     1
Armor: Skin              |    19 |    48 |    48 ||   115
Dodge: Dodged            |    39 |   101 |    63 ||   203
